 Seeded DCSS version 0.29.0-11-gd7f09526c8 (webtiles) character file.

Game seed: 3121381558354691732 (custom seed)

197776 purpskrrrp the Crack Shot (level 19, -7/122 HPs)
             Began as a Formicid Hunter on Sept 6, 2022.
             Was a High Priest of Nemelex Xobeh.
             Mangled by a jumping spider (24 damage)
             ... on level 3 of the Lair of Beasts on Sept 7, 2022.
             The game lasted 01:58:35 (29317 turns).

purpskrrrp the Crack Shot (Formicid Hunter)        Turns: 29317, Time: 01:58:35

Health: -7/122     AC: 16    Str: 17    XL:     19   Next: 12%
Magic:  30/30      EV: 24    Int: 10    God:    Nemelex Xobeh [*****.]
Gold:   1891       SH: 27    Dex: 27    Spells: 18/18 levels left

rFire   + + .      SeeInvis +   S - +4 triple crossbow (vorpal)
rCold   . . .      Faith    +   R - +4 tower shield
rNeg    + + +      Spirit   .   U - +1 fire dragon scales
rPois   +          Reflect  .   (helmet unavailable)
rElec   +          Harm     .   c - +0 cloak of the Spider Nest {rN+ Regen+ rCorr Str+4}
rCorr   +          Rampage  .   i - +0 pair of gloves
Will    +....                   l - +0 pair of boots
Stlth   +.........              e - amulet "Lagguloo" {Faith rPois rC+ rN++ Dex+4}
HPRegen 1.10/turn               K - ring "Filet" {rElec EV+4 Str-4 Int+2 Slay+4}
MPRegen 0.22/turn               M - +4 ring of slaying

@: lethally poisoned (-7 -> -14), studying 2 skills
A: permanent stasis, dig shafts and tunnels, antennae 3, four strong arms, dopey
1, frail 1
}: 1/15 runes: decaying
a: Dig, Shaft Self, Renounce Religion, Draw Escape, Draw Destruction, Draw
Summoning, Triple Draw, Deal Four, Stack Five


You were on level 3 of the Lair of Beasts.
You worshipped Nemelex Xobeh.
Nemelex Xobeh was extremely pleased with you.
You visited 7 branches of the dungeon, and saw 29 of its levels.
You also visited: Bailey and Gauntlet.

You collected 3829 gold pieces.
You spent 1938 gold pieces at shops.

Inventory:

Hand Weapons
 G - a +2 vorpal arbalest
 S - a +4 vorpal triple crossbow (weapon)
Missiles
 g - 6 throwing nets
Armour
 c - the +0 cloak of the Spider Nest (worn) {rN+ Regen+ rCorr Str+4}
   (You found it in a Gauntlet)

   Str:       It affects your strength (+4).
   rN:        It protects you from negative energy.
   Regen:     It increases your rate of health regeneration.
   rCorr:     It protects you from acid and corrosion.
 i - a +0 pair of gloves (worn)
 l - a +0 pair of boots (worn)
 R - a +4 tower shield (worn)
 U - +1 fire dragon scales (worn)
Jewellery
 e - the amulet "Lagguloo" (around neck) {Faith rPois rC+ rN++ Dex+4}
   (You acquired it on level 1 of the Dungeon)

   [amulet of faith]

   It allows you to gain divine favour quickly.
   Dex:       It affects your dexterity (+4).
   rC:        It protects you from cold.
   rPois:     It protects you from poison.
   rN:        It greatly protects you from negative energy.
 f - an amulet of guardian spirit
 K - the ring "Filet" (left hand) {rElec EV+4 Str-4 Int+2 Slay+4}
   (You bought it in a shop on level 2 of the Orcish Mines)

   [ring of evasion]

   EV:        It affects your evasion (+4).
   Str:       It affects your strength (-4).
   Int:       It affects your intelligence (+2).
   Slay:      It affects your accuracy & damage with ranged weapons and melee
   (+4).
   rElec:     It insulates you from electricity.
 M - a +4 ring of slaying (right hand)
Wands
 A - a wand of mindburst (12)
 D - a wand of flame (39)
 E - a wand of paralysis (17)
 L - a wand of light (19)
 N - a wand of polymorph (4)
 P - a wand of roots (21)
 T - a wand of digging (4)
Scrolls
 b - 2 scrolls of magic mapping
 d - a scroll of amnesia
 m - 20 scrolls of identify
 s - a scroll of silence
 y - a scroll of butterflies
 C - a scroll of fear
 Y - 5 scrolls of poison
Potions
 h - a potion of resistance {unknown}
 k - 2 potions of magic
 o - 4 potions of might
 p - 2 potions of invisibility
 r - 4 potions of heal wounds
 u - 2 potions of flight
 v - 4 potions of brilliance
 x - 12 potions of curing
 z - 2 potions of cancellation
 B - 4 potions of ambrosia
Miscellaneous
 j - a lightning rod (1/4) (quivered)


   Skills:
 + Level 8.6 Fighting
 * Level 22.1 Ranged Weapons
 + Level 8.1 Armour
 + Level 14.6 Dodging
 - Level 1.2 Stealth
 + Level 16.9 Shields
 + Level 15.8 Invocations


You had 18 spell levels left.
You didn't know any spells.
Your spell library contained the following spells:

 Spells                   Type           Power      Damage    Failure   Level
 Sting                    Tmut/Pois      0%         1d3       97%         1
 Ensorcelled Hibernation  Hex/Ice        0%         N/A       99%         2
 Passwall                 Tmut/Erth      0%         N/A       99%         2
 Poisonous Vapours        Pois/Air       0%         N/A       99%         2
 Scorch                   Fire           0%         2d5       99%         2
 Sublimation of Blood     Necr           0%         N/A       99%         2
 Conjure Flame            Conj/Fire      0%         6-21      100%        3
 Gell's Gravitas          Tloc           0%         N/A       100%        3
 Ignite Poison            Fire/Tmut/Pois 0%         N/A       100%        3
 Lesser Beckoning         Tloc           0%         N/A       100%        3
 Portal Projectile        Hex/Tloc       0%         N/A       100%        3
 Teleport Other           Tloc           0%         N/A       100%        3
 Tukima's Dance           Hex            0%         N/A       100%        3
 Anguish                  Hex/Necr       0%         N/A       100%        4
 Animate Dead             Necr           0%         N/A       100%        4
 Flame Wave               Conj/Fire      0%         2d4       100%        4
 Fulminant Prism          Conj/Hex       0%         3d6       100%        4
 Iskenderun's Mystic Bla  Conj/Tloc      0%         2d3       100%        4
 Olgreb's Toxic Radiance  Pois           0%         N/A       100%        4
 Passage of Golubria      Tloc           0%         N/A       100%        4
 Petrify                  Tmut/Erth      0%         N/A       100%        4
 Sticky Flame             Conj/Fire      0%         2d3       100%        4
 Summon Ice Beast         Ice/Summ       0%         N/A       100%        4
 Blade Hands              Tmut           0%         N/A       100%        5
 Borgnjor's Vile Clutch   Necr/Erth      0%         N/A       100%        5
 Irradiate                Conj/Tmut      0%         3d11      100%        5
 Lee's Rapid Deconstruct  Erth           0%         3d5*      100%        5
 Manifold Assault         Tloc           0%         N/A       100%        5
 Summon Forest            Summ/Tloc      0%         N/A       100%        5
 Summon Mana Viper        Hex/Summ       0%         N/A       100%        5
 Yara's Violent Unravell  Hex/Tmut       0%         3d3       100%        5
 Death Channel            Necr           0%         N/A       100%        6
 Dispersal                Tloc           0%         N/A       100%        6
 Eringya's Noxious Bog    Tmut/Pois      0%         N/A       100%        6
 Summon Cactus Giant      Summ           0%         N/A       100%        6
 Enfeeble                 Hex            0%         N/A       100%        7
 Monstrous Menagerie      Summ           0%         N/A       100%        7
 Summon Hydra             Summ           0%         N/A       100%        7
 Blink                    Tloc           Unusable   N/A       N/A         2
 Swiftness                Air            Unusable   N/A       N/A         3

Dungeon Overview and Level Annotations

Branches:
Dungeon (15/15)            Temple (1/1) D:6            Lair (5/5) D:10
  Swamp (4/4) Lair:3       Spider (1/4) Lair:3        Slime (0/5) Lair:5
    Orc (2/2) D:12            Elf (0/3) Orc:2        Vaults (0/5) D:13
 Depths (1/4) D:15         Bailey (visited)         Gauntlet (visited)

Altars:
Ashenzari
Cheibriados
Dithmenos
Elyvilon
Fedhas
Gozag
Hepliaklqana
Kikubaaqudgha
Makhleb
Nemelex Xobeh
Okawaru
Qazlal
Ru
Sif Muna
Trog
Uskayaw
Vehumet
Wu Jian
Xom
Yredelemnul
Zin
The Shining One

Shops:
D:3 *   D:13 :   Orc:2 ==!=[

Portals:
Trove: D:12 (give 5 scrolls of butterflies)

Annotations:
D:14 1 runed translucent door, Ytheofip's ghost, journeyman FoFi
Spider:1 1 transporter, Cuanikle's ghost, adept DjCj


Innate Abilities, Weirdness & Mutations

You cannot be hasted, slowed, berserked, paralysed or teleported.
You can dig through walls and to a lower floor.
You have a pair of large antennae on your head. (SInv)
Your four strong arms can wield two-handed weapons with a shield.
You are dopey. (Int -2)
You are frail. (-10% HP)


Message History

The jumping spider misses you.
The jumping spider completely misses you.
The jumping spider closely misses you.
Fire: S) +4 triple crossbow (vorpal)
Press: ? - help, Shift-Dir - straight line, f/p - moth of wrath
Aim: a moth of wrath (almost dead, 79% to hit)
You shoot a bolt.
The bolt barely misses the moth of wrath.
You feel extremely sick. You block the jumping spider's attack.
The jumping spider bites you.
* * * LOW HITPOINT WARNING * * *
You block the jumping spider's attack. The jumping spider misses you.
The jumping spider pounces on you!
* * * LOW HITPOINT WARNING * * *
You block the jumping spider's attack. x2
The jumping spider completely misses you.
The redback barely misses you. The jumping spider misses you.
The jumping spider bites you.
* * * LOW HITPOINT WARNING * * *
The moth of wrath goads the redback on!
The redback goes berserk!
The jumping spider closely misses you.
The jumping spider bites you but does no damage.
The jumping spider closely misses you. The jumping spider bites you.
* * * LOW HITPOINT WARNING * * *
The redback completely misses you. The jumping spider closely misses you.
The jumping spider misses you. The moth of wrath misses you.
The jumping spider misses you. You block the jumping spider's attack.
The jumping spider barely misses you.
The jumping spider completely misses you.
Fire: S) +4 triple crossbow (vorpal)
Press: ? - help, Shift-Dir - straight line, f/p - moth of wrath
Aim: a moth of wrath (almost dead, 79% to hit)
You shoot a bolt. The bolt hits the moth of wrath!!!
You kill the moth of wrath!
You feel extremely sick. You block the redback's attack.
You block the jumping spider's attack.
The jumping spider bites you but does no damage.
The jumping spider pounces on you!!
You die...
Your body disappears without a glow.

..)...........#..#.......#.......
.................................
.......####......................
.......####......................
......##.....##...##.....#....†..
............##...##.#....#.......
.............#...#.#......#......
.........P....#s††#.......#......
...............s@†.............##
.........P...##†ss.............#.
............#..#...##.....#......
.............##...###....###.....
.............##...##.............
.................................
..........................##..###
................P##.......##..##P
P##.#P####.#.##...........#......


You could see 3 jumping spiders and a redback (berserk).

Vanquished Creatures
  Mlioglotl (Swamp:4)
  A tengu reaver (Depths:1)
  Kirke (D:12)
  A thorn hunter (Swamp:2)
  A frost giant (Depths:1)
  2 fenstrider witches (Swamp:3)
  A fire giant (Depths:1)
  A broodmother (Spider:1)
  A vampire knight (Depths:1)
  5 eleionomae
  4 stone giants (Depths:1)
  The ghost of Thoth777 the Cleaver, a journeyman FoFi of Gozag (Orc:2)
  5 bunyips
  2 minotaurs
  Snorg (D:13)
  2 ettins
  2 fire dragons
  Josephine (D:11)
  A shambling mangrove (Swamp:4)
  An ice dragon (Depths:1)
  A rakshasa (Depths:1)
  28 hydras
  4 boulder beetles
  2 ghost crabs
  2 ogre magi
  A spriggan air mage (Depths:1)
  11 alligators
  4 centaur warriors
  9 two-headed ogres
  12 death yaks
  3 deep troll shamans (Depths:1)
  A tengu warrior (Depths:1)
  A spriggan berserker (Swamp:4)
  A vampire mage (D:15)
  A hell knight (Depths:1)
  An iron troll (Depths:1)
  The ghost of Shayle the Sneak, a novice TeBr of Vehumet (D:8)
  Nergalle (Lair:3)
  A deep elf knight (D:13)
  A flayed ghost (D:8)
  10 skeletal warriors
  A pharaoh ant (Spider:1)
  7 goliath frogs
  2 spriggan druids
  7 swamp dragons
  10 bog bodies
  An orb spider (Depths:1)
  5 deep trolls (Depths:1)
  2 lindwurms
  2 necromancers
  2 wizards (Gauntlet)
  Pikel (D:6)
  A deep elf zephyrmancer (D:13)
  2 orc knights
  4 orc sorcerers
  2 deep elf pyromancers
  3 wolf spiders
  An oklob plant (Lair:1)
  10 ugly things
  A frost giant zombie (D:15)
  2 salamanders
  3 manticores
  2 moths of wrath
  A cyclops (D:13)
  3 will-o-the-wisps
  4 elephants
  7 black mambas
  A guardian serpent (Lair:3)
  2 torpor snails
  15 cane toads
  2 molten gargoyles (Lair:5)
  2 kobold demonologists
  A rime drake (Lair:5)
  11 komodo dragons
  2 unseen horrors
  2 efreet
  5 yaktaurs (D:15)
  A demonic crawler (Spider:1)
  2 ice devils (Lair:5)
  2 tengu conjurers
  A bloated husk (Swamp:1)
  3 polar bears
  5 trolls
  A queen bee (shapeshifter) (D:15)
  5 tarantellas (Spider:1)
  8 hornets
  7 tyrant leeches
  13 blink frogs
  10 dream sheep
  9 slime creatures (D:14)
  A shapeshifter (D:15)
  4 centaur simulacra (Gauntlet)
  Sigmund (D:4)
  2 shadows (D:8)
  6 jumping spiders
  9 spriggans
  40 yaks
  11 wraiths
  6 wyverns
  A human (Spider:1)
  3 culicivoras (Spider:1)
  7 basilisks
  Grum (D:8)
  3 hogs (D:13)
  3 steam dragons
  11 vampire mosquitoes
  5 redbacks
  3 wargs
  A glowing shapeshifter zombie (D:15)
  15 swamp worms
  5 acid dragons
  A hell hound (Lair:5)
  34 orc warriors
  A human skeleton (D:15)
  13 water moccasins
  An ice beast (D:7)
  5 swamp drakes
  2 sky beasts
  2 black bears
  A tengu (Lair:2)
  15 ogres
  28 wolves
  A lemure (D:6)
  22 centaurs
  6 kobold brigands
  4 phantoms
  Blork the orc (D:6)
  A gnoll sergeant (D:10)
  9 bullfrogs
  3 necrophages
  A cane toad simulacrum (Gauntlet)
  7 scorpions
  4 wights (D:9)
  2 howler monkeys (D:14)
  A jelly (D:5)
  4 lava snakes (Lair:5)
  3 hounds
  15 orc priests
  A gnoll bouda (D:4)
  Ijyb (D:5)
  3 iguanas
  20 orc wizards
  5 ogre zombies (D:12)
  Robin (D:4)
  10 gnolls
  6 adders
  3 shadow imps (Gauntlet)
  4 white imps
  An ufetubus (D:5)
  7 worms
  A dart slug (D:3)
  51 orcs
  6 endoplasms
  7 giant cockroaches
  20 goblins
  10 hobgoblins
  10 jackals
  14 kobolds
  A quokka (D:4)
  3 ball pythons
  22 bats
  3 frilled lizards
  A goblin skeleton (D:12)
  3 goblin zombies (D:12)
  A hobgoblin zombie (D:12)
  3 orc skeletons (D:12)
  10 orc zombies (D:12)
  5 rats
  A butterfly (Lair:3)
886 creatures vanquished.

Vanquished Creatures (collateral kills)
  3 hydras (Swamp:4)
  5 death yaks
  A spriggan berserker (Swamp:4)
  A skeletal warrior (D:12)
  An orb spider (shapeshifter) (D:15)
  A spriggan druid (Swamp:4)
  2 swamp dragons (Swamp:4)
  An orc knight (D:12)
  A frost giant skeleton (D:15)
  A demonic crawler (Lair:3)
  A tyrant leech (Swamp:4)
  A troll (D:12)
  A tarantella (Lair:3)
  A hornet (Swamp:4)
  A jumping spider (Lair:3)
  5 yaks
  2 water moccasins (Lair:2)
  5 swamp drakes (Swamp:4)
  An orc warrior (D:12)
  6 wolves
  A centaur (D:12)
  An ogre zombie (D:12)
  4 orcs (D:12)
  An orc skeleton (D:12)
  2 starspawn tentacles (Swamp:4)
50 creatures vanquished.

Vanquished Creatures (others)
  An eleionoma (Swamp:3)
  A spriggan (Swamp:3)
  2 bloated husks (Swamp:2)
  A hornet (Swamp:3)
  An orc wizard (Orc:2)
  2 foxfires (Swamp:4)
  33 fungi
  64 plants
  A starspawn tentacle (Swamp:4)
  7 withered plants (D:15)
113 creatures vanquished.

Grand Total: 1049 creatures vanquished

Notes
Turn   | Place    | Note
-------+----------+-------------------------------------------
     0 | D:1      | purpskrrrp the Formicid Hunter began the quest for the Orb.
     0 | D:1      | Reached XP level 1. HP: 16/16 MP: 1/1
   158 | D:1      | Found a faded altar of an unknown god.
   162 | D:1      | Got Plato's Secrets of Vitiation
   227 | D:1      | Reached XP level 2. HP: 22/22 MP: 2/2
   227 | D:1      | Identified 3 scrolls of acquirement
   227 | D:1      | Acquired the ring "Deteir" {Ice Str-3 Dex+10}
   389 | D:1      | Acquired the amulet "Nuateapt" {Spirit +Blink rElec rF+}
   510 | D:1      | Acquired the amulet "Lagguloo" {Faith rPois rC+ rN++ Dex+4}
   582 | D:2      | Reached XP level 3. HP: 27/27 MP: 3/3
   681 | D:2      | Reached skill level 5 in Ranged Weapons
   708 | D:2      | Found a bloodstained altar of Trog.
   968 | D:2      | Reached XP level 4. HP: 33/33 MP: 4/4
  1269 | D:3      | Noticed an ogre
  1276 | D:3      | Killed an ogre
  1277 | D:3      | Reached skill level 6 in Ranged Weapons
  1277 | D:3      | Reached XP level 5. HP: 29/38 MP: 5/5
  1413 | D:3      | Found Isonomam's Assorted Antiques.
  1825 | D:4      | Reached XP level 6. HP: 29/44 MP: 6/6
  1833 | D:4      | Reached skill level 7 in Ranged Weapons
  2300 | D:4      | Reached XP level 7. HP: 42/50 MP: 7/7
  2382 | D:4      | Reached skill level 8 in Ranged Weapons
  2462 | D:4      | Noticed Robin
  2471 | D:4      | Killed Robin
  2897 | D:4      | Noticed Sigmund
  2903 | D:4      | Killed Sigmund
  2904 | D:4      | Reached skill level 9 in Ranged Weapons
  2904 | D:4      | Reached XP level 8. HP: 36/56 MP: 8/8
  3234 | D:4      | Found an iron altar of Okawaru.
  3438 | D:5      | Entered Level 5 of the Dungeon
  3548 | D:5      | Reached skill level 10 in Ranged Weapons
  3802 | D:5      | Noticed Ijyb
  3808 | D:5      | Killed Ijyb
  4322 | D:6      | Reached skill level 11 in Ranged Weapons
  4406 | D:6      | Reached XP level 9. HP: 61/61 MP: 9/9
  4411 | D:6      | Found a staircase to the Ecumenical Temple.
  4439 | Temple   | Entered the Ecumenical Temple
  4964 | Temple   | Became a worshipper of Nemelex Xobeh the Trickster
  5259 | D:6      | Noticed Blork the orc
  5266 | D:6      | Killed Blork the orc
  5341 | D:6      | Noticed Pikel
  5354 | D:6      | Killed Pikel
  5355 | D:6      | Reached skill level 12 in Ranged Weapons
  5572 | D:6      | Reached * piety under Nemelex Xobeh
  5842 | D:7      | Reached skill level 13 in Ranged Weapons
  6005 | D:7      | Reached skill level 1 in Invocations
  6022 | D:7      | Reached skill level 1 in Armour
  6022 | D:7      | Reached XP level 10. HP: 53/67 MP: 9/11
  6147 | D:7      | Found a stormy altar of Qazlal.
  6204 | D:7      | Received a gift from Nemelex Xobeh
  6441 | D:8      | Found an opulent altar of Gozag.
  6916 | D:8      | Reached ** piety under Nemelex Xobeh
  6916 | D:8      | Received a gift from Nemelex Xobeh
  6918 | D:8      | Noticed a two-headed ogre
  6924 | D:8      | Noticed a moth of wrath
  6933 | D:8      | Noticed Shayle's ghost (novice TeBr)
  6937 | D:8      | Found a bloodstained altar of Trog.
  6954 | D:8      | Found a transporter.
  6957 | D:8      | Found a transporter.
  7074 | D:8      | Reached skill level 1 in Shields
  7307 | D:8      | Found a runed translucent door.
  7311 | D:8      | Found a basalt altar of Yredelemnul.
  7324 | D:8      | Noticed Grum
  7330 | D:8      | Killed Grum
  7392 | D:8      | Found a sacrificial altar of Ru.
  7731 | D:8      | Found an ornate altar of the Wu Jian Council.
  7742 | D:8      | Found a stormy altar of Qazlal.
  7745 | D:8      | Found a runed translucent door.
  7762 | D:8      | Found a sparkling altar of Nemelex Xobeh.
  7767 | D:8      | Found a broken altar of Ashenzari.
  7777 | D:8      | Noticed a flayed ghost
  7808 | D:8      | Found a bloodstained altar of Trog.
  7832 | D:8      | Found a hazy altar of Hepliaklqana.
  8030 | D:9      | Found a flagged portal.
  8030 | D:9      | Received a gift from Nemelex Xobeh
  8037 | Bailey   | Entered a bailey
  8071 | Bailey   | Reached skill level 14 in Ranged Weapons
  8184 | Bailey   | Identified the +2 robe "Nuphul" {Will- Str+4 Dex+2 Stlth+}
  8227 | Bailey   | Reached XP level 11. HP: 38/72 MP: 14/14
  8474 | Bailey   | Found a burning altar of Makhleb.
  8599 | D:9      | Reached *** piety under Nemelex Xobeh
  8935 | D:9      | Received a gift from Nemelex Xobeh
  9163 | D:9      | Reached skill level 5 in Invocations
  9280 | D:10     | Entered Level 10 of the Dungeon
  9297 | D:10     | Reached skill level 5 in Shields
  9721 | D:10     | Noticed a two-headed ogre
  9725 | D:10     | Killed a two-headed ogre
  9726 | D:10     | Reached skill level 5 in Armour
  9964 | D:10     | Found a staircase to the Lair.
 10439 | D:10     | Reached **** piety under Nemelex Xobeh
 10632 | D:10     | Reached skill level 5 in Dodging
 10679 | D:11     | Reached skill level 15 in Ranged Weapons
 10692 | D:11     | Noticed a two-headed ogre
 10697 | D:11     | Killed a two-headed ogre
 10708 | D:11     | Reached XP level 12. HP: 38/78 MP: 16/16
 10934 | D:11     | Noticed a boulder beetle
 10952 | D:11     | Killed a boulder beetle
 11233 | D:11     | Noticed Josephine
 11247 | D:11     | Killed Josephine
 11583 | D:11     | Noticed a boulder beetle
 11616 | D:11     | Killed a boulder beetle
 12256 | D:12     | Received a gift from Nemelex Xobeh
 12306 | D:12     | Found a gate leading to a gauntlet.
 12313 | Gauntlet | Entered a Gauntlet
 12313 | Gauntlet | Found a transporter.
 12322 | Gauntlet | Found a transporter.
 12337 | Gauntlet | Found a transporter.
 12342 | Gauntlet | Found a transporter.
 12356 | Gauntlet | Noticed a death yak
 12356 | Gauntlet | Noticed a death yak
 12356 | Gauntlet | Noticed a death yak
 12356 | Gauntlet | Noticed a death yak
 12358 | Gauntlet | Noticed a death yak
 12358 | Gauntlet | Noticed a death yak
 12359 | Gauntlet | Found a transporter.
 12377 | Gauntlet | Found a transporter.
 12387 | Gauntlet | Noticed a death drake
 12389 | Gauntlet | Found a transporter.
 12397 | Gauntlet | Found a transporter.
 12397 | Gauntlet | Found a transporter.
 12414 | Gauntlet | Found a transporter.
 12492 | Gauntlet | Found a transporter.
 12494 | Gauntlet | Found the +3 pair of seven-league boots {Rampage+∞}
 12497 | Gauntlet | Noticed a ghost crab
 12504 | Gauntlet | Found a transporter.
 12506 | Gauntlet | Noticed a wretched star
 12524 | Gauntlet | Found a transporter.
 12524 | Gauntlet | Found a transporter.
 12578 | Gauntlet | Found a transporter.
 12591 | Gauntlet | Noticed a tengu warrior
 12598 | Gauntlet | Received a gift from Nemelex Xobeh
 12612 | Gauntlet | Found a transporter.
 12614 | Gauntlet | Found a transporter.
 12638 | Gauntlet | Found a transporter.
 13140 | Gauntlet | Identified the +0 cloak of the Spider Nest {rN+ Regen+
                  | rCorr Str+4}
 13246 | Gauntlet | Identified the ring "Fotwao" {rElec EV+4 Str-2 Stlth+}
 13278 | Gauntlet | Noticed a minotaur
 13281 | Gauntlet | Killed a minotaur
 13282 | Gauntlet | Reached skill level 16 in Ranged Weapons
 13298 | Gauntlet | Identified the +2 pair of boots of Parsimonious Miracles
                  | {+Inv rPois rF+ Dex-4}
 13364 | D:12     | Found a staircase to the Orcish Mines.
 13457 | D:12     | Noticed a two-headed ogre
 13467 | D:12     | Killed a two-headed ogre
 13475 | D:12     | Reached XP level 13. HP: 29/83 MP: 19/19
 13772 | D:12     | Received a gift from Nemelex Xobeh
 13791 | D:12     | Noticed an eight-headed hydra
 13798 | D:12     | Killed an eight-headed hydra
 13882 | D:12     | Gained mutation: Your body sometimes deteriorates upon
                  | taking damage. [a neqoxec]
 13883 | D:12     | Gained mutation: You occasionally lose the ability to drink
                  | potions when taking damage. [a neqoxec]
 14082 | D:12     | Reached ***** piety under Nemelex Xobeh
 14667 | D:12     | Found a portal to a secret trove of treasure.
 14957 | D:13     | Received a gift from Nemelex Xobeh
 15053 | D:13     | Reached skill level 10 in Shields
 15055 | D:13     | Noticed Kirke
 15430 | D:13     | Reached skill level 17 in Ranged Weapons
 15519 | D:13     | Noticed an ogre mage
 15522 | D:13     | Killed an ogre mage
 15640 | D:13     | Received a gift from Nemelex Xobeh
 15640 | D:13     | Noticed a centaur warrior
 15653 | D:13     | Killed a centaur warrior
 15693 | D:13     | Noticed Snorg
 15697 | D:13     | Killed Snorg
 15698 | D:13     | Reached skill level 10 in Invocations
 15719 | D:13     | Found Zuej's Book Emporium.
 15848 | D:13     | Found a gate to the Vaults.
 15874 | D:13     | Received a gift from Nemelex Xobeh
 16090 | D:13     | Noticed a sphinx
 16102 | D:12     | Noticed a sphinx
 16237 | D:13     | Noticed a six-headed hydra
 16242 | D:13     | Killed a six-headed hydra
 16330 | D:13     | Received a gift from Nemelex Xobeh
 16448 | D:14     | Reached XP level 14. HP: 90/90 MP: 21/21
 16812 | D:14     | Received a gift from Nemelex Xobeh
 16899 | D:14     | Found a runed translucent door.
 17288 | D:14     | Noticed Ytheofip's ghost (journeyman FoFi)
 17314 | D:15     | Entered Level 15 of the Dungeon
 17455 | D:15     | Found a staircase to the Depths.
 17477 | D:15     | Reached skill level 18 in Ranged Weapons
 17674 | Lair:1   | Entered Level 1 of the Lair of Beasts
 18139 | Lair:1   | You fall into a shaft and drop 1 floor!
 18139 | Lair:2   | Received a gift from Nemelex Xobeh
 18577 | Lair:2   | Reached XP level 15. HP: 95/95 MP: 23/23
 18590 | Lair:2   | Received a gift from Nemelex Xobeh
 19104 | Lair:3   | Received a gift from Nemelex Xobeh
 19122 | Lair:3   | Noticed Nergalle
 19132 | Lair:3   | Killed Nergalle
 19161 | Lair:3   | Reached ****** piety under Nemelex Xobeh
 19176 | Lair:3   | Found a staircase to the Swamp.
 19240 | Lair:3   | Received a gift from Nemelex Xobeh
 19446 | Lair:3   | Received a gift from Nemelex Xobeh
 19473 | Lair:3   | Found a hole to the Spider Nest.
 19663 | Lair:3   | Received a gift from Nemelex Xobeh
 19854 | Lair:4   | Received a gift from Nemelex Xobeh
 19897 | Lair:4   | Reached skill level 19 in Ranged Weapons
 20201 | Lair:4   | Received a gift from Nemelex Xobeh
 20480 | Lair:4   | Received a gift from Nemelex Xobeh
 20661 | Lair:5   | Entered Level 5 of the Lair of Beasts
 20707 | Lair:4   | Reached skill level 10 in Dodging
 20714 | Lair:5   | Identified the -2 quarterstaff "Miastypn" {vorpal, Drain
                  | rN+ Dex+5}
 20720 | Lair:5   | Acquired a manual of Dodging
 21112 | Lair:5   | Reached XP level 16. HP: 33/101 MP: 16/25
 21212 | Lair:5   | Found a large runed translucent door.
 21212 | Lair:5   | Found a large runed translucent door.
 21362 | Lair:5   | Received a gift from Nemelex Xobeh
 21588 | Lair:5   | Found a staircase to the Slime Pits.
 22253 | Orc:1    | Entered Level 1 of the Orcish Mines
 22497 | Orc:1    | Received a gift from Nemelex Xobeh
 22590 | Orc:2    | Entered Level 2 of the Orcish Mines
 22618 | Orc:2    | Found Wappezedo's Jewellery Emporium.
 22697 | Orc:2    | Reached skill level 20 in Ranged Weapons
 22760 | Orc:2    | Found a staircase to the Elven Halls.
 22822 | Orc:2    | Received a gift from Nemelex Xobeh
 23056 | Orc:2    | Noticed Thoth777's ghost (journeyman FoFi)
 23084 | Orc:2    | Found a runed translucent gate.
 23084 | Orc:2    | Found a runed translucent gate.
 23084 | Orc:2    | Found a runed translucent gate.
 23142 | Orc:2    | Found Qeixkutuh's Jewellery Shop.
 23142 | Orc:2    | Found Zuabao's Distillery.
 23144 | Orc:2    | Found Rynomih's Jewellery Shoppe.
 23146 | Orc:2    | Found Dar Gio's Antique Armour Boutique.
 23151 | Orc:2    | Bought a potion of curing for 39 gold pieces
 23151 | Orc:2    | Bought a potion of heal wounds for 65 gold pieces
 23381 | Orc:2    | Lost mutation: Your body sometimes deteriorates upon taking
                  | damage. [potion of mutation]
 23381 | Orc:2    | Lost mutation: You occasionally lose the ability to drink
                  | potions when taking damage. [potion of mutation]
 23381 | Orc:2    | Gained mutation: You are weak. (Str -2) [potion of
                  | mutation]
 23382 | Orc:2    | Lost mutation: You are weak. (Str -2) [potion of mutation]
 23382 | Orc:2    | Gained mutation: You are frail. (-10% HP) [potion of
                  | mutation]
 23382 | Orc:2    | Gained mutation: You are dopey. (Int -2) [potion of
                  | mutation]
 23387 | Orc:2    | Killed Thoth777's ghost
 23862 | D:8      | Identified the ring of Rytoofeo {Str+4 Int-5 SInv}
 23942 | D:8      | Killed Shayle's ghost
 24167 | D:12     | Killed Kirke
 24271 | Orc:2    | Bought the ring "Filet" {rElec EV+4 Str-4 Int+2 Slay+4} for
                  | 688 gold pieces
 24271 | Orc:2    | Bought a +4 ring of slaying for 858 gold pieces
 24391 | D:15     | Received a gift from Nemelex Xobeh
 24526 | D:15     | Found a shimmering altar of Xom.
 24839 | D:15     | Received a gift from Nemelex Xobeh
 24895 | D:15     | Reached skill level 15 in Shields
 24897 | D:15     | Reached XP level 17. HP: 95/95 MP: 27/27
 24904 | D:15     | Found a shimmering altar of Xom.
 24914 | D:15     | Found a shimmering altar of Xom.
 24914 | D:15     | Found a shimmering altar of Xom.
 24914 | D:15     | Found a shimmering altar of Xom.
 25161 | Depths:1 | Entered Level 1 of the Depths
 25415 | Depths:1 | Acquired a +4 vorpal triple crossbow
 25433 | Depths:1 | Found a radiant altar of Vehumet.
 25644 | Depths:1 | Reached skill level 21 in Ranged Weapons
 25693 | Depths:1 | Noticed a tengu reaver
 25697 | Depths:1 | Killed a tengu reaver
 25974 | Swamp:1  | Entered Level 1 of the Swamp
 25986 | Swamp:1  | Acquired a manual of Fighting
 26079 | Swamp:1  | Received a gift from Nemelex Xobeh
 26544 | Swamp:2  | Received a gift from Nemelex Xobeh
 26665 | Swamp:2  | Noticed a thorn hunter
 26670 | Swamp:2  | Killed a thorn hunter
 26671 | Swamp:2  | Reached skill level 15 in Invocations
 26671 | Swamp:2  | Reached XP level 18. HP: 55/108 MP: 29/29
 26757 | Swamp:2  | Reached skill level 5 in Fighting
 27840 | Swamp:4  | Entered Level 4 of the Swamp
 27877 | Swamp:4  | Received a gift from Nemelex Xobeh
 27902 | Swamp:4  | HP: 5/112 [eleionoma/spray of wooden splinters (42)]
 27905 | Swamp:4  | Noticed Mlioglotl
 28022 | Swamp:4  | Killed Mlioglotl
 28025 | Swamp:4  | Identified the +0 long sword of the Poles {spect, rC-
                  | Dex+5}
 28315 | Swamp:4  | Got a decaying rune of Zot
 28347 | Swamp:4  | HP: 1/116 [constriction (26)]
 28539 | Swamp:4  | Reached skill level 22 in Ranged Weapons
 28909 | Orc:2    | Bought a pair of gloves for 144 gold pieces
 28909 | Orc:2    | Bought a pair of boots for 144 gold pieces
 29152 | Spider:1 | Entered Level 1 of the Spider Nest
 29152 | Spider:1 | Found a transporter.
 29174 | Spider:1 | Noticed Cuanikle's ghost (adept DjCj)
 29180 | Spider:1 | Reached XP level 19. HP: 98/122 MP: 30/30
 29317 | Lair:3   | Mangled by a jumping spider

Illustrated notes

Levels and vault maps discovered:
D:1:      minmay_arrival_glassed_features, layout_loops_ring,
          shapermc_ecumenical_altar_rom_forum, nicolae_kite_square_tiling_tiny
D:2:      layout_basic, basic_altar
D:3:      layout_rooms, serial_shops, nicolae_shop_hallway_stairs
D:4:      layout_basic, okawaru_altar_gauntlet_db, dreamdust_gnoll_farm,
          uniq_sigmund, uniq_robin
D:5:      layout_loops_ring, nicolae_sextant, uniq_ijyb
D:6:      layout_basic, minmay_temple_entry_junction, uniq_pikel,
          uniq_blork_the_orc
D:7:      layout_cave_pools, overflow_temple_1_default
D:8:      due_megacathedral, layout_gridville, nicolae_ru_sacrificial_ziggurat,
          overflow_temple_1_default, dk_yredelemnul_ordeal,
          gammafunk_ghost_wrathful_warriors, uniq_grum
D:9:      layout_roguey, enter_bailey_3, minmay_misc_feat_cross, chequers_garden
D:10:     layout_grid_maze, lair_entry_dummy
D:11:     layout_cross, roderic_batcave, uniq_josephine
D:12:     layout_layer_cave, zombieorc1_lemuel, nicolae_trove_entry_columns,
          gauntlet_entry_generic, minmay_mirror_moons_of_madness
D:13:     layout_gridville, hangedman_vaults_entry_quadrant_bands, serial_shops,
          nicolae_square_shop, minivault_22, minmay_misc_feat_plants,
          hangedman_decor_growths, uniq_kirke, uniq_snorg
D:14:     layout_cave_pools, hangedman_abyss_or_decor_lesser_grid, serial_glass,
          glass_columns_c, glass_columns_a, glass_columns_a, glass_columns_c,
          glass_columns_a, glass_columns_b, glass_columns_a, glass_columns_a,
          ebering_ghost_reflecting_pool
D:15:     gammafunk_depths_entry_grave, layout_stronghold, xom_redecorated,
          minmay_microvault
Temple:   minmay_temple_bridge_d
Lair:1:   layout_misc_corridors, minmay_lair_oklob_bushes,
          grunt_forest_large_clearing_hut
Lair:2:   layout_regular_city, grunt_forest_large_clearings, grunt_megastairs_4
Lair:3:   layout_gridlike, swamp_mist, nicolae_spider_entry_non_spiders,
          serial_bayou_shore_b, lemuel_fruit_fields, uniq_nergalle
Lair:4:   layout_regular_city, grunt_megastairs_5, lemuel_fruit_tree
Lair:5:   cheibrodos_lair_end_hotspot, layout_concentric_octagons,
          dpeg_slime_entry_enclosed, portal_ice_cave_demonic_guard
Swamp:1:  layout_basic_swamp, evilmike_swamp_ruin_rubble_1, swamp_pool1
Swamp:2:  layout_falls_marsh, evilmike_swamp_ruin_rubble_2
Swamp:3:  layout_basic_swamp, nicolae_swamp_some_circles, swamp_pool5,
          infiniplex_staircase_pool_2
Swamp:4:  swamp_basic_johnstein, layout_basic_swamp, infiniplex_staircase_pool,
          uniq_mlioglotl
Spider:1: layout_spider_delve, gammafunk_ghost_mausoleum,
          spiders_nest_spider_trap
Orc:1:    layout_caves
Orc:2:    st_orc_rangers, layout_caves, maelrawn_ghost_gauntlet_escape,
          minmay_shop_enchanted_jewellery
Depths:1: kennysheep_four_of_diamonds, layout_cave_shapes, vehumet_crystals,
          hell_entry, nicolae_shop_dragon_depot, lightli_corner_chamber

Skill      XL: |  1  2  3  4  5  6  7  8  9 10 11 12 13 14 15 16 17 18 |
---------------+-------------------------------------------------------+-----
Ranged Weapons | 5 6 7 9 11 13 14 15 16 17 18 19 20 21 22 | 22.1
Dodging        | 2 3 5 6 8 9 10 12 13 14 | 14.6
Invocations    | 1 4 6 8 10 11 12 14 15 | 15.8
Armour         | 1 3 5 6 8 |  8.1
Shields        | 3 6 8 10 12 13 15 16 | 16.9
Fighting       | 4 8 |  8.6
Stealth        | |  1.2

Action                   |  1- 3 |  4- 6 |  7- 9 | 10-12 | 13-15 | 16-18 | 19-21 || total
-------------------------+-------+-------+-------+-------+-------+-------+-------++-------
Melee: Unarmed           |       |       |       |       |     2 |       |       ||     2
       Arbalest          |       |       |       |       |     1 |       |       ||     1
 Fire: Shortbow          |    50 |    90 |   242 |   496 |       |       |       ||   878
       Arbalest          |       |       |       |    98 |   828 |   452 |       ||  1378
       Triple crossbow   |       |       |       |       |       |   415 |    33 ||   448
Invok: Draw Summoning    |       |       |       |     1 |     4 |     2 |     1 ||     8
       Draw Destruction  |       |       |       |     1 |     6 |     7 |       ||    14
       Deal Four         |       |       |       |       |     9 |     9 |     1 ||    19
       Draw Escape       |       |       |       |       |     4 |     2 |       ||     6
 Abil: Dig               |       |       |       |     2 |     1 |     1 |       ||     4
Evoke: Wand              |       |       |       |     5 |       |       |       ||     5
       Lightning rod     |       |       |       |       |       |     4 |       ||     4
  Use: Scroll            |     3 |    13 |     4 |    13 |    10 |     4 |       ||    47
       Potion            |       |       |       |       |       |     5 |       ||     5
Armor: Leather armour    |     6 |     3 |     6 |       |       |       |       ||    15
       Ring mail         |       |       |     1 |       |       |       |       ||     1
       Robe              |       |       |       |    18 |    43 |     8 |       ||    69
       Acid dragon scale |       |       |       |     1 |       |       |       ||     1
       Fire dragon scale |       |       |       |       |       |    48 |    46 ||    94
Dodge: Dodged            |    12 |    23 |    47 |   126 |   373 |   392 |   160 ||  1133
Block: Kite shield       |       |       |       |    44 |       |       |       ||    44
       Tower shield      |       |       |       |   231 |   737 |   839 |   124 ||  1931
